 Dungeon Crawl Stone Soup version 0.31-a0-986-g5e6e4ef867 (webtiles) character file.

Game seed: 643103952583644372

748 pokeman the Thaumaturge (level 7, -1/40 HPs)
             Began as a Deep Elf Hedge Wizard on Nov 22, 2023.
             Was an Initiate of Vehumet.
             Slain by Pikel
             ... wielding a +2 whip of flaming
              (11 damage)
             ... on level 5 of the Dungeon.
             The game lasted 00:09:18 (5130 turns).

pokeman the Thaumaturge (Deep Elf Hedge Wizard)     Turns: 5130, Time: 00:09:19

Health: -1/40      AC:  2    Str:  7    XL:     7   Next: 48%
Magic:  14/21      EV: 13    Int: 21    God:    Vehumet [......]
Gold:   246        SH:  0    Dex: 14    Spells: 15/23 levels left

rFire   . . .        z - +0 dagger (venom)
rCold   . . .        (no shield)
rNeg    . . .        b - +0 robe
rPois   +            c - +0 hat
rElec   .            (no cloak)
rCorr   .            (no gloves)
SInv    .            (no boots)
Will    .....        (no amulet)
Stlth   ++           w - ring of poison resistance
HPRegen 0.26/turn    g - ring of wizardry
MPRegen 0.17/turn

%: wizardry (x1)
@: no status effects
A: no striking features
a: Renounce Religion


You were on level 5 of the Dungeon.
You worshipped Vehumet.
Vehumet was noncommittal.
You visited 2 branches of the dungeon, and saw 6 of its levels.

You collected 246 gold pieces.

Inventory:

Hand Weapons
 z - a +0 dagger of venom (weapon)
Missiles
 C - 6 curare-tipped darts
Armour
 b - a +0 robe (worn)
 c - a +0 hat (worn)
Jewellery
 e - a +5 ring of evasion
 g - a ring of wizardry (right hand)
 i - a ring of protection from cold
 u - a ring of resist corrosion
 w - a ring of poison resistance (left hand)
 D - an amulet of faith
Scrolls
 f - 5 scrolls of identify {unknown}
 k - 5 scrolls of teleportation {unknown}
 n - a scroll of fear {unknown}
 p - 3 scrolls of revelation {unknown}
 r - a scroll of poison {unknown}
 t - a scroll of butterflies {unknown}
 x - a scroll of acquirement {unknown}
 y - a scroll of vulnerability {unknown}
 A - a scroll of enchant armour {unknown}
 B - a scroll of noise {unknown}
Potions
 a - a potion of resistance {unknown}
 d - a potion of magic
 h - a potion of attraction {unknown}
 j - a potion of enlightenment {unknown}
 l - 2 potions of haste {unknown}
 m - a potion of brilliance {unknown}
 o - a potion of heal wounds {unknown}
 q - a potion of might {unknown}
 s - 2 potions of lignification {unknown}
 v - 2 potions of degeneration {unknown}


   Skills:
 - Level 2.1 Fighting
 + Level 1.5 Armour
 - Level 3.0 Dodging
 - Level 3.3 Stealth
 * Level 8.5 Spellcasting
 + Level 4.2 Conjurations
 - Level 1.1 Summonings
 - Level 1.1 Translocations
 - Level 1.0 Air Magic
 - Level 1.2 Poison Magic


You had 15 spell levels left.
You knew the following spells:

 Your Spells              Type           Power      Damage    Failure   Level
a - Magic Dart            Conj           100%       1d8       1%          1
b - Mephitic Cloud        Conj/Pois/Air  18%        N/A       3%          3
c - Call Imp              Summ           26%        N/A       2%          2
d - Blink                 Tloc           26%        N/A       2%          2

Your spell library contained the following spells:

 Spells                   Type           Power      Damage    Failure   Level
 Slow                     Hex            36%        N/A       3%          1
 Cigotuvi's Dreadful Rot  Necr/Pois/Air  24%        N/A       3%          2


Dungeon Overview and Level Annotations

Branches:
Dungeon (5/15)             Temple (1/1) D:4

Altars:
Dithmenos
Elyvilon
Gozag
Hepliaklqana
Makhleb
Nemelex Xobeh
Qazlal
Ru
Sif Muna
Trog
Uskayaw
Vehumet
Xom
Zin
The Shining One

Annotations:
D:5 Pikel


Message History

Pikel burns you.
Casting: Mephitic Cloud (dangerous; 3% risk of failure)
Confirm with . or Enter, or press ? or * to list all spells.
Aiming: Mephitic Cloud (dangerous; 3% risk of failure)
Press: ? - help, Shift-Dir - straight line, f - lemure, p - Pikel
Aim: a lemure (chance to affect: 77%)
The ball explodes into a vile cloud!
The stinking cloud engulfs the lemure but does no damage. x2
The lemure is almost dead.
The stinking cloud engulfs the lemure but does no damage.
The stinking cloud engulfs you but does no damage.
The stinking cloud engulfs the lemure but does no damage.
The lemure is almost dead.
The stinking cloud engulfs Pikel but does no damage.
Pikel is lightly wounded.
You hear a bark!
The lemure is engulfed in noxious fumes.
The lemure appears confused.
The lemure hits itself!
The lemure is killed!
That felt strangely unrewarding.
The lemure is engulfed in noxious fumes.
The lemure appears confused.
The lemure barely misses you.
The lemure is engulfed in noxious fumes.
The lemure appears confused.
The lemure hits the lemure.
Pikel is engulfed in noxious fumes.
Pikel appears confused.
Unknown command.
The lemure is engulfed in noxious fumes.
The lemure appears confused.
The lemure is engulfed in noxious fumes.
The lemure appears confused.
The lemure barely misses the adder.
The lemure is engulfed in noxious fumes.
The lemure appears confused.
You catch the helpless Pikel completely off-guard!
You hit Pikel.
Pikel looks as sick as possible!
Pikel is lightly wounded.
The lemure hits the lemure.
The lemure hits itself.
The lemure hits you.
* * * LOW HITPOINT WARNING * * *
The lemure is engulfed in noxious fumes.
Pikel hits you with a +2 whip of flaming!
You die...

####...###.#
......####.##
#####.###...###
##......#...#
...###...#.# #
##.......##.#
####.###.#####.##.#
.....5☼○.K..##....#
#SS55@.........#
#l###.##.##....#
#.##.##....#
#..........#
####.##...##
#.##...# .......#
###...##


You could see Pikel (confused, extremely poisoned), 3 lemures, an iguana and 2
adders.

Vanquished Creatures
  Eustachio (D:4)
  2 ogres (D:4)
  A phantom (D:4)
  A lemure (D:5)
  A scorpion (D:4)
  A jelly (D:4)
  2 iguanas (D:4)
  3 orc wizards
  5 adders
  3 worms
  5 dart slugs
  12 orcs
  5 ball pythons
  2 bats (D:1)
  4 endoplasms
  6 giant cockroaches
  6 goblins
  9 hobgoblins
  10 jackals
  2 frilled lizards
  3 kobolds
  4 rats
88 creatures vanquished.

Notes
Turn   | Place    | Note
-------+----------+-------------------------------------------
     0 | D:1      | pokeman the Deep Elf Hedge Wizard began the quest for the
                  | Orb.
     0 | D:1      | Reached XP level 1. HP: 10/10 MP: 7/7
   171 | D:1      | Found a faded altar of an unknown god.
   234 | D:1      | Reached XP level 2. HP: 8/15 MP: 2/9
   994 | D:1      | Reached skill level 5 in Spellcasting
  1233 | D:2      | Reached XP level 3. HP: 20/20 MP: 1/11
  1252 | D:2      | Learned a level 3 spell: Mephitic Cloud
  1255 | D:2      | Learned a level 2 spell: Blink
  1258 | D:2      | Learned a level 2 spell: Call Imp
  1489 | D:2      | Reached skill level 1 in Armour
  1548 | D:2      | Reached skill level 1 in Fighting
  2256 | D:3      | Reached XP level 4. HP: 17/25 MP: 5/13
  2343 | D:3      | Found a burning altar of Makhleb.
  2982 | D:3      | Reached skill level 6 in Spellcasting
  3421 | D:4      | Noticed a phantom
  3433 | D:4      | Killed a phantom
  3434 | D:4      | Reached XP level 5. HP: 8/29 MP: 3/15
  3545 | D:4      | Found a sparkling altar of Nemelex Xobeh.
  3638 | D:4      | Reached skill level 1 in Air Magic
  3768 | D:4      | Noticed an ogre
  3793 | D:4      | Killed an ogre
  3794 | D:4      | Reached skill level 7 in Spellcasting
  3794 | D:4      | Reached skill level 1 in Poison Magic
  3794 | D:4      | Reached XP level 6. HP: 34/34 MP: 1/18
  4489 | D:4      | Found a staircase to the Ecumenical Temple.
  4510 | Temple   | Entered the Ecumenical Temple
  4540 | Temple   | Became a worshipper of Vehumet
  4616 | D:4      | Reached skill level 8 in Spellcasting
  4616 | D:4      | Reached XP level 7. HP: 40/40 MP: 7/20
  4812 | D:4      | Noticed Eustachio
  4833 | D:4      | Killed Eustachio
  5058 | D:5      | Entered Level 5 of the Dungeon
  5116 | D:5      | Noticed Pikel
  5130 | D:5      | Slain by Pikel

Illustrated notes

Levels and vault maps discovered:
D:1:      amcnicky_arrival_wind_blow, layout_loops_corners,
          hellmonk_ecumenical_altar_pennies_from_heaven, supply_closet_lemuel
D:2:      layout_rooms, roderic_lattice_a
D:3:      layout_loops_corners, bloody_makhleb, st_stairs_7
D:4:      layout_gridville, nemelex_spade_bored_becter,
          minmay_temple_entry_statues_fountains, uniq_eustachio
D:5:      layout_loops_ring, uniq_prince_ribbit1, uniq_pikel
Temple:   nicolae_temple_figure_eight

Skill      XL: |  1  2  3  4  5  6  7 |
---------------+----------------------+-----
Spellcasting   | 5 6 7 8 |  8.5
Armour         | 1 |  1.5
Fighting       | 1 2 |  2.1
Conjurations   | 2 3 4 |  4.2
Dodging        | 3 |  3.0
Stealth        | 3 |  3.3
Air Magic      | 1 |  1.0
Poison Magic   | 1 |  1.2
Summonings     | |  1.1
Translocations | |  1.1

Action                     |  1- 3 |  4- 6 |  7- 9 || total
---------------------------+-------+-------+-------++-------
  Melee: Dagger            |    44 |    14 |    26 ||    84
         Punch             |       |     1 |       ||     1
   Cast: Magic Dart        |    97 |   136 |    14 ||   247
         Call Imp          |       |     2 |       ||     2
         Mephitic Cloud    |       |     8 |     6 ||    14
   Stab: Confused          |       |     2 |     4 ||     6
 Armour: Robe              |    20 |    22 |    12 ||    54
  Dodge: Dodged            |    59 |    18 |    16 ||    93

Table legend: (Time is in decaauts)
 A = Elapsed time spent in this place.
 B = Non-inter-level travel time spent in this place.
 C = Inter-level travel time spent in this place.
 D = Time resting spent in this place.
 E = Time spent auto-exploring this place.
 F = Levels seen in this place.
 G = Mean time per level.
                   A        B        C        D        E       F      G
               +--------+--------+--------+--------+--------+-----+--------+
         Total |   5128 |   4983 |    145 |     93 |   4287 |   6 |  854.7 |
       Dungeon |   5069 |   4980 |     89 |     93 |   4287 |   5 | 1013.8 |
        Temple |     58 |      2 |     56 |      0 |      0 |   1 |   58.0 |
               +--------+--------+--------+--------+--------+-----+--------+

Top non-repeatable levels by time:
     D:4: 1577 daAuts
     D:3: 1305 daAuts
     D:1: 1150 daAuts
     D:2: 963 daAuts
     D:5: 71 daAuts
  Temple: 58 daAuts
